 Dungeon Sprint DCSS version 0.18-a0-1789-gbeff17f (webtiles) character file.

8395 namelastname112 the Fighter (level 11, -10/95 HPs)
             Began as a Demonspawn Fighter on Apr 21, 2016.
             Killed from afar by a starcursed mass (18 damage)
             ... with an accursed screaming
             ... in the Dungeon (Sprint V: "Ziggurat Sprint").
             The game lasted 00:02:44 (764 turns).

namelastname112 the Fighter (Demonspawn Fighter)     Turns: 764, Time: 00:02:44

Health: -10/95     AC: 30    Str: 34    XL:     11   Next: 9%
Magic:  17/18      EV:  4    Int: 11    God:
Gold:   0          SH: 31    Dex: 10    Spells: 0 memorised, 10 levels left

rFire  + . .     SeeInvis +     I - +14 obsidian axe {chop, +Fly Str+3 SInv *Curse} (curse)
rCold  + + .     Gourm    .     K - +5 gold dragon armour
rNeg   + . .     Faith    .     J - +18 shield of the gong {rElec rN+ MR+ EV-5}
rPois  +         Spirit   .     M - +0 mask of the Dragon {MR+ Slay+3 SInv}
rElec  +         Dismiss  .     (no cloak)
rCorr  .         Reflect  .     (no gloves)
SustAt .         Harm     .     (boots unavailable)
MR     ++...     NoTele   +     (no amulet)
Stlth  ..........               H - +6 ring of strength
                                G - +6 ring of strength

@: lethally poisoned (-10 -> -47), non-regenerating, diseased, very resistant to
hostile enchantments, extremely unstealthy
A: horns 1, talons 3, rough black scales 2, cold resistance 1, spiny 1
a: Evoke Flight


You were in the Dungeon.
You were not hungry.

You visited 1 branch

Inventory:

Hand Weapons
 a - a +0 war axe
 o - the +7 lajatang of Order {silver, rMut}
   (You found it in the Dungeon)

   It protects you from mutation.
 I - the cursed +14 obsidian axe (weapon) {chop, +Fly Str+3 SInv *Curse}
   (You found it in the Dungeon)

   It inflicts extra damage upon your enemies.
   It affects your strength (+3).
   It lets you see invisible.
   It lets you fly.
   It may re-curse itself when equipped.
   It has a curse placed upon it.
Armour
 b - a +0 scale mail
 c - a +0 shield
 J - the +18 shield of the gong (worn) {rElec rN+ MR+ EV-5}
   (You found it in the Dungeon)

   It affects your evasion (-5).
   It insulates you from electricity.
   It protects you from negative energy.
   It affects your resistance to hostile enchantments.
 K - a +5 gold dragon armour (worn)
 M - the +0 mask of the Dragon (worn) {MR+ Slay+3 SInv}
   (You found it in the Dungeon)

   It affects your accuracy and damage with ranged weapons and melee attacks
   (+3).
   It affects your resistance to hostile enchantments.
   It lets you see invisible.
Rods
 L - a +6 rod of clouds (10/10)
   (You found it in the Dungeon)
Jewellery
 C - a +6 ring of dexterity
 D - a +6 ring of dexterity
 E - a +6 ring of intelligence
 F - a +6 ring of intelligence
 G - a +6 ring of strength (left hand)
 H - a +6 ring of strength (right hand)
Wands
 y - a wand of disintegration (7/24)
 z - a wand of iceblast (5/15)
 A - a wand of lightning (5/15)
 B - a wand of acid (5/15)
Scrolls
 k - 4 scrolls of blinking
 q - 4 scrolls of amnesia
 r - 4 scrolls of recharging
 s - 7 scrolls of fog
 t - 5 scrolls of identify
 u - 5 scrolls of remove curse
 v - 2 scrolls of fear
 N - 2 scrolls of brand weapon
Potions
 d - 6 potions of might
 e - 10 potions of curing
 g - 10 potions of heal wounds
 h - 6 potions of haste
 i - 7 potions of magic
 j - 3 potions of berserk rage
 l - 2 potions of brilliance
 m - 2 potions of invisibility
 n - 4 potions of resistance
 p - 5 potions of agility
Miscellaneous
 O - a phial of floods
 P - a legendary deck of war
Comestibles
 f - 5 bread rations
 w - 42 fruits
 x - 4 meat rations


   Skills:
 + Level 12.0 Fighting
 + Level 10.9 Axes
 + Level 11.1 Armour
 + Level 10.3 Dodging
 + Level 11.0 Shields
 + Level 9.3 Evocations


You had 10 spell levels left.
You didn't know any spells.

Dungeon Overview and Level Annotations

Branches:
Dungeon (1/1)

Altars:
Ashenzari
Cheibriados
Dithmenos
Elyvilon
Fedhas
Gozag
Kikubaaqudgha
Makhleb
Nemelex Xobeh
Okawaru
Pakellas
Qazlal
Ru
Sif Muna
Trog
Vehumet
Xom
Yredelemnul
Zin
The Shining One
Beogh
Jiyva
Lugonu


Innate Abilities, Weirdness & Mutations

You have claws for feet.
You are mostly covered in rough black scales (AC +7, Dex -2).
Your flesh is cold resistant.
You are partially covered in sharp spines.
You have a pair of small horns on your head.


Message History

You barely miss the ancient zyme.
The ancient zyme is almost destroyed.
You slice the ufetubus!!
You kill the ufetubus!
Visions of slaying the ancient zyme flood into your mind.
* * * LOW HITPOINT WARNING * * *
You feel very sick. You block the sixfirhy's attack.
GONNNNG!
The sixfirhy is struck by your spines.
The sixfirhy hits you but does no damage.
You block the sixfirhy's attack.
GONNNNG!
A starcursed mass splits.
The iron imp hits your sixfirhy!
Your orange demon stings the ancient zyme from afar!
You are no longer entranced.
The ancient zyme is destroyed!
A starcursed mass splits.
A cacophony of accursed wailing tears at your sanity!
You die...

▓.........▓.......▓
▓▓▓▓▓▓▓▓▓▓▓▓▓▓▓▓▓▓▓▓▓
▓...8©8...▓...8©8...▓
▓..)}}::..▓..)}})[..▓
▓..[)[.[..▓...[.[)..▓
▓..X.5.5..▓.........▓
▓...XX3X..▓.........▓
▓..5.4X55.▓.........▓
▓...4@XXX.▓.........▓
▓..4....X.▓.▓.....▓.▓
▓.▓.....▓.▓.........▓
▓.........▓▓▓▓▓▓▓▓▓▓▓
▓▓▓▓▓▓▓▓▓▓▓


You could see 9 starcursed masses, a sixfirhy, a ynoxinul, an iron imp, a shadow
imp, 3 ufetubi, a friendly orange demon and a friendly sixfirhy.

Vanquished Creatures
  A deep elf sorcerer (D)
  A hornet (shapeshifter) (D)
  2 large abominations (D)
  6 starcursed masses (D)
  An eye of devastation (D)
  A smoke demon (D)
  3 jumping spiders (D)
  A flying skull (D)
  An air elemental (D)
  2 tarantellas (D)
  A yak (D)
  2 golden eyes (D)
  A neqoxec (D)
  3 hell hounds (D)
  2 water moccasins (D)
  2 porcupines (D)
  A giant eyeball (D)
  An eye of draining (D)
  A wolf (D)
  A small abomination (D)
  3 scorpions (D)
  2 quasits (D)
  3 orc priests (D)
  2 iron imps (D)
  A river rat (D)
  2 shadow imps (D)
  3 white imps (D)
  2 ufetubi (D)
  An ooze (D)
  2 bat skeletons (D)
  2 ball pythons (D)
57 creatures vanquished.

Vanquished Creatures (collateral kills)
  A green death (D)
  A wolf spider (D)
  An ancient zyme (D)
  An insubstantial wisp (D)
  A crimson imp (D)
  A quasit (D)
6 creatures vanquished.

Vanquished Creatures (others)
  A spatial maelstrom (D)
1 creature vanquished.

Grand Total: 64 creatures vanquished

Notes
Turn   | Place    | Note
--------------------------------------------------------------
     0 | D        | namelastname112 the Demonspawn Fighter began the quest for the Orb.
     0 | D        | Reached XP level 1. HP: 18/18 MP: 1/1
     0 | D        | Found a roughly hewn altar of Beogh.
     0 | D        | Found a viscous altar of Jiyva.
     0 | D        | Found a corrupted altar of Lugonu.
     0 | D        | Found a white marble altar of Elyvilon.
     0 | D        | Found a sparkling altar of Nemelex Xobeh.
     0 | D        | Found a burning altar of Makhleb.
     0 | D        | Found an iron altar of Okawaru.
     0 | D        | Found a deep blue altar of Sif Muna.
     0 | D        | Found a radiant altar of Vehumet.
     0 | D        | Found a bloodstained altar of Trog.
     0 | D        | Found a shimmering altar of Xom.
    14 | D        | Banished a spatial maelstrom
    56 | D        | Reached skill level 4 in Fighting
    56 | D        | Gained mutation: Your flesh is cold resistant. [demonic ancestry]
    56 | D        | Reached XP level 2. HP: 26/26 MP: 2/2
    64 | D        | Entered arena 1.
    64 | D        | Noticed an insubstantial wisp
    64 | D        | Noticed an air elemental
    66 | D        | Killed an air elemental
    66 | D        | Reached skill level 6 in Fighting
    66 | D        | Reached skill level 5 in Axes
    66 | D        | Reached skill level 5 in Armour
    66 | D        | Reached skill level 5 in Shields
    66 | D        | Reached XP level 3. HP: 32/34 MP: 3/3
    66 | D        | Reached XP level 4. HP: 38/40 MP: 4/4
    66 | D        | Gained mutation: You have sharp toenails. [demonic ancestry]
    66 | D        | Reached XP level 5. HP: 44/46 MP: 5/5
    70 | D        | Killed an insubstantial wisp
    76 | D        | Entered arena 2.
    79 | D        | Gained mutation: You are partially covered in rough black scales (AC +4, Dex -1). [demonic ancestry]
    79 | D        | Reached XP level 6. HP: 51/53 MP: 6/6
    79 | D        | Reached skill level 7 in Fighting
    87 | D        | Entered arena 3.
    87 | D        | Noticed a water moccasin
    87 | D        | Noticed a water moccasin
    90 | D        | Killed a water moccasin
    90 | D        | Reached skill level 5 in Dodging
    94 | D        | Killed a water moccasin
    94 | D        | Gained mutation: You have razor-sharp toenails. [demonic ancestry]
    94 | D        | Reached XP level 7. HP: 61/61 MP: 7/7
    99 | D        | Entered arena 4.
   102 | D        | Reached skill level 1 in Evocations
   103 | D        | Reached skill level 8 in Fighting
   110 | D        | Entered arena 5.
   110 | D        | Noticed a yak
   114 | D        | Killed a yak
   114 | D        | Gained mutation: You have claws for feet. [demonic ancestry]
   114 | D        | Reached XP level 8. HP: 51/69 MP: 8/10
   199 | D        | Entered arena 6.
   203 | D        | Reached skill level 9 in Fighting
   226 | D        | Entered arena 7.
   226 | D        | Noticed an eye of devastation
   229 | D        | Paralysed by a giant eyeball for 3 turns
   237 | D        | Killed an eye of devastation
   237 | D        | Reached skill level 5 in Evocations
   237 | D        | Gained mutation: You are mostly covered in rough black scales (AC +7, Dex -2). [demonic ancestry]
   237 | D        | Reached XP level 9. HP: 78/78 MP: 12/12
   243 | D        | Got the ring "Wamnaz" {Str+3 SInv}
   246 | D        | Entered arena 8.
   246 | D        | Noticed a hornet
   246 | D        | Noticed a large abomination
   246 | D        | Noticed a deep elf sorcerer
   251 | D        | Killed a hornet
   251 | D        | Reached skill level 10 in Fighting
   255 | D        | Killed a deep elf sorcerer
   255 | D        | Reached XP level 10. HP: 67/86 MP: 13/15
   256 | D        | Killed a large abomination
   256 | D        | Reached skill level 10 in Armour
   335 | D        | Entered arena 9.
   335 | D        | Noticed a starcursed mass
   335 | D        | Noticed a smoke demon
   340 | D        | Killed a smoke demon
   340 | D        | Reached skill level 11 in Fighting
   340 | D        | Reached skill level 10 in Axes
   340 | D        | Reached skill level 10 in Shields
   342 | D        | Gained mutation: You have a pair of small horns on your head. [a neqoxec]
   344 | D        | Killed a starcursed mass
   345 | D        | Killed a starcursed mass
   349 | D        | Killed a starcursed mass
   518 | D        | Entered arena 10.
   518 | D        | Noticed a wolf spider
   526 | D        | Killed a wolf spider
   755 | D        | Entered arena 11.
   755 | D        | Noticed a green death
   756 | D        | Noticed a starcursed mass
   756 | D        | Noticed a large abomination
   756 | D        | Noticed a sixfirhy
   759 | D        | Paralysed by accursed screaming for 1 turns
   762 | D        | Killed a large abomination
   762 | D        | Reached skill level 10 in Dodging
   763 | D        | Killed a green death
   763 | D        | Reached skill level 12 in Fighting
   763 | D        | Gained mutation: You are partially covered in sharp spines. [demonic ancestry]
   763 | D        | Reached XP level 11. HP: 22/95 MP: 17/17
   763 | D        | Paralysed by accursed screaming for 1 turns
   764 | D        | Killed from afar by a starcursed mass

Vault maps used:
D:        sprint_v

Skill      XL: |  1  2  3  4  5  6  7  8  9 10 |
---------------+-------------------------------+-----
Fighting       | 4 6 7 8 9 10 12 | 12.0
Axes           | 3 5 6 7 8 9 10 | 10.9
Armour         | 4 5 6 7 8 9 11 | 11.1
Shields        | 4 5 6 7 8 9 11 | 11.0
Dodging        | 3 4 5 6 7 8 10 | 10.3
Evocations     | 3 5 7 9 |  9.3

Action                   |  1- 3 |  4- 6 |  7- 9 | 10-12 || total
-------------------------+-------+-------+-------+-------++-------
Melee: Broad axe         |     2 |    15 |    31 |    29 ||    77
       Kick              |       |     4 |     3 |    14 ||    21
       Headbutt          |       |       |       |     5 ||     5
  Use: Potion            |     1 |       |       |       ||     1
Armor: Gold dragon armou |     1 |     4 |    37 |    33 ||    75
Dodge: Dodged            |       |       |     3 |     5 ||     8
Block: Shield            |     3 |    20 |    53 |    61 ||   137
